 Dungeon Crawl Stone Soup version 0.25-a0-424-g80bd347ae0 (webtiles) character file.

Game seed: 15493846047790967229, levelgen mode: deterministic

914 Esekla the Gusty (level 8, -3/54 HPs)
             Began as a Human Air Elementalist on Jan 21, 2020.
             Was an Initiate of Qazlal.
             Slain by a wight
             ... wielding a cursed +4 halberd of freezing
              (4 damage)
             ... on level 5 of the Dungeon on Jan 22, 2020.
             The game lasted 00:37:40 (4869 turns).

Esekla the Gusty (Human Air Elementalist)           Turns: 4869, Time: 00:37:41

Health: -3/54      AC:  2    Str:  9    XL:     8   Next: 30%
Magic:  14/14      EV: 15    Int: 16    God:    Qazlal [......]
Gold:   249        SH:  0    Dex: 15    Spells: 5/15 levels left

rFire    . . .     SeeInvis .   i - +2 dagger (venom)
rCold    . . .     Gourm    .   (no shield)
rNeg     . . .     Faith    .   a - +0 robe
rPois    .         Spirit   .   (no helmet)
rElec    .         Reflect  .   (no cloak)
rCorr    .         Harm     .   (no gloves)
MR       .....                  (no boots)
Stlth    ++........             (no amulet)
HPRegen  0.18/turn              q - +1 ring of evasion
MPRegen  0.14/turn              (no ring)

@: drained
A: no striking features
a: Renounce Religion


You were on level 5 of the Dungeon.
You worshipped Qazlal.
Qazlal was noncommittal.
You were not hungry.

You visited 2 branches of the dungeon, and saw 8 of its levels.

You collected 249 gold pieces.

Inventory:

Hand Weapons
 f - a +1 dagger of venom
 i - a +2 dagger of venom (weapon)
Missiles
 b - 3 boomerangs of dispersal
 p - 23 poisoned darts (quivered)
 r - 6 atropa-tipped darts
 w - 4 datura-tipped darts
Armour
 a - a +0 robe (worn)
Jewellery
 q - a +1 ring of evasion (left hand)
 u - an uncursed ring of fire
Wands
 l - a wand of acid (3)
 t - a wand of random effects (12)
Scrolls
 d - 4 scrolls of amnesia
 e - a scroll of noise {unknown}
 g - 3 scrolls of remove curse
 j - 2 scrolls of identify
 k - 2 scrolls of blinking {unknown}
 m - 3 scrolls of teleportation {unknown}
 n - 2 scrolls of magic mapping {unknown}
Potions
 h - 3 potions of heal wounds
 o - 2 potions of curing
 s - 2 potions of cancellation
 v - a potion of brilliance {unknown}
 z - a potion of agility {unknown}
 A - a potion of might {unknown}
Comestibles
 c - 9 rations


   Skills:
 + Level 1.4(0.7) Fighting
 + Level 1.9(1.2) Short Blades
 + Level 1.1(0.4) Throwing
 * Level 4.5(3.7) Dodging
 - Level 2.0(1.2) Stealth
 * Level 4.1(3.3) Spellcasting
 * Level 3.7(3.0) Conjurations
 * Level 1.7(1.0) Charms
 + Level 4.9(4.1) Air Magic


You had 5 spell levels left.
You knew the following spells:

 Your Spells              Type           Power        Failure   Level  Hunger
a - Shock                 Conj/Air       ##..         4%          1    None
b - Swiftness             Chrm/Air       ##......     10%         2    ##.....
c - Static Discharge      Conj/Air       ##......     12%         3    ###....
d - Airstrike             Air            ###.......   32%         4    ####...

Your spell library contained the following spells:

 Spells                   Type           Power        Failure   Level  Hunger
 Lightning Bolt           Conj/Air       ##........   75%         5    ######.


Dungeon Overview and Level Annotations

Branches:
Dungeon (7/15)             Temple (1/1) D:4

Altars:
Cheibriados
Dithmenos
Elyvilon
Fedhas
Gozag
Hepliaklqana
Makhleb
Nemelex Xobeh
Qazlal
Sif Muna
Uskayaw
Vehumet
Wu Jian
Xom
Yredelemnul
The Shining One

Shops:
D:4 }

Annotations:
D:5 3 runed translucent doors, MewIchigo's ghost, novice GrFi


Message History

Press: ? - help, v - describe, . - travel
Here: a wight, wielding a +5 short sword and wearing a +0 robe (resting)
The floor.
The helpless wight fails to defend itself.
You puncture the wight!
The wight is severely damaged.
The wight closely misses you.
You climb upwards.
Level annotation: 3 runed translucent doors, MewIchigo's ghost, novice GrFi
There is a stone staircase leading down here.
The wight hits you from afar with a cursed +4 halberd of freezing!!
You feel drained. The wight freezes you.
The wight hits you from afar with a cursed +4 halberd of freezing.
* * * LOW HITPOINT WARNING * * *
The wight freezes you.
* * * LOW HITPOINT WARNING * * *
The wight hits you from afar with a cursed +4 halberd of freezing!
* * * LOW HITPOINT WARNING * * *
You feel drained.
You die...

.# ######.....###.##..###.#
.###........[...#.....##..#
............................
..........[>................
............................
............................
.............>z..........###
..........................#
................@......##..
#......####.....#.....##
##.....# ########....#
.####### ....# .# ##### ## #
## .#


You could see a wight.

Vanquished Creatures
  Sigmund (D:2)
  An ogre (D:5)
  A centaur (D:5)
  A big kobold (D:6)
  A howler monkey (D:4)
  A crimson imp (D:5)
  A hound (D:4)
  4 orc wizards
  A worker ant (D:6)
  6 adders
  8 gnolls
  A shadow imp (D:5)
  3 oozes
  An adder zombie (D:5)
  A worm (D:2)
  2 dart slugs
  2 leopard geckos
  15 orcs
  6 giant cockroaches
  3 goblins
  11 hobgoblins
  6 jackals
  14 kobolds
  2 quokkas
  A ball python (D:4)
  8 bats
  6 frilled lizards
  A leopard gecko skeleton (D:4)
  7 rats
116 creatures vanquished.

Notes
Turn   | Place    | Note
-------+----------+-------------------------------------------
     0 | D:1      | Esekla the Human Air Elementalist began the quest for the
                  | Orb.
     0 | D:1      | Reached XP level 1. HP: 13/13 MP: 3/3
   184 | D:1      | Reached XP level 2. HP: 19/19 MP: 1/5
   262 | D:1      | Learned a level 2 spell: Swiftness
   465 | D:1      | Reached XP level 3. HP: 19/24 MP: 3/6
   954 | D:2      | Learned a level 3 spell: Static Discharge
   966 | D:2      | Noticed Sigmund
  1012 | D:2      | Killed Sigmund
  1012 | D:2      | Reached skill level 1 in Short Blades
  1012 | D:2      | Reached XP level 4. HP: 7/31 MP: 0/8
  1012 | D:2      | Reached XP level 5. HP: 9/36 MP: 0/9
  1012 | D:2      | Reached XP level 6. HP: 10/42 MP: 0/10
  1569 | D:3      | Learned a level 4 spell: Airstrike
  1902 | D:4      | Found Vearenug's Gadget Boutique.
  2095 | D:5      | Entered Level 5 of the Dungeon
  2260 | D:3      | Reached XP level 7. HP: 39/47 MP: 11/11
  2344 | D:3      | Found an ornate altar of the Wu Jian Council.
  3469 | D:4      | Found a staircase to the Ecumenical Temple.
  3493 | Temple   | Entered the Ecumenical Temple
  4008 | D:5      | Reached skill level 1 in Fighting
  4008 | D:5      | Reached skill level 1 in Charms
  4069 | D:5      | Found a stormy altar of Qazlal.
  4072 | D:5      | Became a worshipper of Qazlal Stormbringer
  4108 | D:5      | Reached skill level 1 in Throwing
  4144 | D:5      | Reached XP level 8. HP: 20/54 MP: 8/13
  4348 | D:5      | Found a glowing golden altar of the Shining One.
  4481 | D:5      | Found a runed translucent gate.
  4482 | D:5      | Found a runed translucent gate.
  4486 | D:5      | Found a runed translucent gate.
  4489 | D:5      | Noticed MewIchigo's ghost (novice GrFi)
  4603 | D:6      | Found a hazy altar of Hepliaklqana.
  4604 | D:6      | Found a shadowy altar of Dithmenos.
  4725 | D:6      | Found a hide-covered altar of Uskayaw.
  4725 | D:6      | Found a shimmering altar of Xom.
  4869 | D:5      | HP: 1/54 [wight/cursed +4 halberd of freezing (11)]
  4869 | D:5      | Slain by a wight

Levels and vault maps discovered:
D:1:      lightli_arrival_quake, layout_basic
D:2:      layout_basic, grunt_decor_resistance, chequers_serial_rivers_marsh,
          uniq_sigmund
D:3:      layout_loops_ring, nicolae_overflow_crystal_walls, first_ration
D:4:      layout_gridville, minmay_temple_entry_nine_rooms, serial_shops,
          nicolae_shop_trees
D:5:      layout_rooms, marbit_many_paths, old_standard_altar,
          gammafunk_ghost_nasty_kobolds
D:6:      layout_loops_ring, gammafunk_temple_overflow_pools, bloody_trog,
          grunt_temple_overflow_open, basic_altar
D:7:      layout_rooms, overflow_temple_1_default, hangedman_ru_absence
Temple:   compressed_dpeg_triangle_lava_temple

Skill      XL: |  1  2  3  4  5  6  7  8 |
---------------+-------------------------+-----
Short Blades   | 1 |  1.9
Dodging        | 3 4 |  4.5
Conjurations   | 2 3 |  3.7
Air Magic      | 4 |  4.9
Spellcasting   | 3 4 |  4.1
Fighting       | 1 |  1.4
Charms         | 1 |  1.7
Throwing       | 1 |  1.1
Stealth        | |  2.0

Action                   |  1- 3 |  4- 6 |  7- 9 || total
-------------------------+-------+-------+-------++-------
Melee: Dagger            |    51 |    44 |    87 ||   182
Throw: Dart              |       |       |    15 ||    15
 Cast: Shock             |    23 |    33 |    51 ||   107
  Use: Scroll            |     4 |     3 |     1 ||     8
 Stab: Sleeping          |     2 |       |     4 ||     6
  Eat: Chunk             |       |     4 |     5 ||     9
       Ration            |       |       |     1 ||     1
Armor: Robe              |    28 |     2 |    10 ||    40
Dodge: Dodged            |    48 |    42 |    72 ||   162

Table legend:
 A = Non-vault XP
 B = Vault XP
 C = Vault XP percentage of total XP
 D = Non-vault monster count
 E = Vault monster count
 F = Vault count percentage of total count
                 A         B        C        D         E       F
            +---------+---------+-------+---------+---------+-------
      Total |    1062 |     245 |  18.7 |     114 |       2 |   1.7
            +---------+---------+-------+---------+---------+-------
        D:1 |      50 |       0 |   0.0 |      27 |       0 |   0.0
        D:2 |      86 |     242 |  73.8 |      20 |       1 |   4.8
        D:3 |     124 |       0 |   0.0 |      30 |       0 |   0.0
        D:4 |     149 |       0 |   0.0 |       7 |       0 |   0.0
        D:5 |     509 |       3 |   0.6 |      23 |       1 |   4.2
        D:6 |     144 |       0 |   0.0 |       7 |       0 |   0.0
            +---------+---------+-------+---------+---------+-------
